 Dungeon Crawl Stone Soup version 0.21.1-1-g345015f (webtiles) character file.

39 iamserjio the Firebug (level 3, -1/33 HPs)
             Began as an Ogre Fire Elementalist on Apr 7, 2018.
             Slain by an adder (5 damage)
             ... on level 2 of the Dungeon.
             The game lasted 00:05:12 (1622 turns).

iamserjio the Firebug (Ogre Fire Elementalist)      Turns: 1622, Time: 00:05:12

Health: -1/33      AC:  3    Str: 12    XL:     3   Next: 47%
Magic:  7/7        EV: 10    Int: 16    God:
Gold:   60         SH:  0    Dex: 10    Spells: 6/7 levels left

rFire    . . .     SeeInvis .   f - +0 hand axe
rCold    . . .     Gourm    .   (no shield)
rNeg     . . .     Faith    .   a - +0 robe
rPois    .         Spirit   .   (helmet restricted)
rElec    .         Reflect  .   (no cloak)
rCorr    .         Harm     .   (gloves unavailable)
MR       .....                  (boots unavailable)
Stlth    ++........             (no amulet)
HPRegen  0.11/turn              (no ring)
MPRegen  0.10/turn              (no ring)

@: lethally poisoned (-1 -> -8)
A: large, unfitting armour, tough skin 1
a: no special abilities


You were on level 2 of the Dungeon.
You were not hungry.

You visited 1 branch of the dungeon, and saw 2 of its levels.

You collected 60 gold pieces.

Inventory:

Hand Weapons
 f - a +0 hand axe (weapon)
 o - a +2 vampiric whip
Armour
 a - a +0 robe (worn)
Jewellery
 m - an uncursed ring of resist corrosion {unknown}
Scrolls
 d - a scroll of fog {unknown}
 i - a scroll of identify {unknown}
 l - a scroll of amnesia {unknown}
Potions
 e - a potion of lignification {unknown}
 h - a potion of agility {unknown}
 j - a potion of brilliance {unknown}
 k - a potion of haste {unknown}
 n - a potion of flight {unknown}
 p - a potion of curing {unknown}
Books
 b - a book of Flames

   Spells                             Type                      Level
   a - Flame Tongue                   Conjuration/Fire             1
   b - Throw Flame                    Conjuration/Fire             2
   c - Conjure Flame                  Conjuration/Fire             3
   d - Inner Flame                    Hexes/Fire                   3
   e - Sticky Flame                   Conjuration/Fire             4
   f - Fireball                       Conjuration/Fire             5
 g - a book of Misfortune

   Spells                             Type                      Level
   a - Confusing Touch                Hexes                        1
   b - Confuse                        Hexes                        3
   c - Gell's Gravitas                Translocation                3
   d - Petrify                        Transmutation/Earth          4
   e - Metabolic Englaciation         Hexes/Ice                    5
   f - Yara's Violent Unravelling     Hexes/Transmutation          5
Comestibles
 c - 7 rations
 q - 3 chunks of flesh


   Skills:
 + Level 1.5 Fighting
 + Level 2.2 Dodging
 - Level 1.4 Stealth
 + Level 2.9 Spellcasting
 + Level 1.4 Conjurations
 + Level 3.0 Fire Magic


You had 6 spell levels left.
You knew the following spells:

 Your Spells              Type           Power        Failure   Level  Hunger
a - Flame Tongue          Conj/Fire      #....        8%          1    #......


Dungeon Overview and Level Annotations

Branches:
Dungeon (2/15)

Altars:
Cheibriados


Innate Abilities, Weirdness & Mutations

You are too large for most types of armour.
You have tough skin. (AC +1)


Message History

The hobgoblin hits you with a club.
You barely miss the adder.
The adder is moderately wounded.
You barely miss the hobgoblin. The adder misses you.
The hobgoblin barely misses you. The adder bites you but does no damage.
You barely miss the adder.
The adder is moderately wounded.
You hit the hobgoblin. The adder bites you but does no damage.
The hobgoblin closely misses you. The adder bites you.
You are poisoned.
The adder poisons you! The hobgoblin hits you with a club.
You closely miss the hobgoblin.
The hobgoblin is almost dead.
You barely miss the adder.
You feel sick. The adder bites you.
* * * LOW HITPOINT WARNING * * *
You are more poisoned.
The adder poisons you! The hobgoblin hits you with a club.
* * * LOW HITPOINT WARNING * * *
The adder bites you.
You die...

#..........##..###...##
#.....########.##.....##
####### #.#.......#
#.#.......#
######.#.......#
#......##.....##
#.......##...##
#........######
#...._.@g.......
#.....!S...###..
.......[....#
............#
........##+## ........#
...#### ...


You could see an adder and a hobgoblin.

Vanquished Creatures
  An ooze (D:2)
  A dart slug (D:2)
  2 leopard geckos (D:2)
  2 giant cockroaches
  5 goblins
  2 hobgoblins
  8 bats
  2 frilled lizards (D:2)
  5 kobolds
  2 rats (D:1)
30 creatures vanquished.

Notes
Turn   | Place    | Note
-------+----------+-------------------------------------------
     0 | D:1      | iamserjio the Ogre Fire Elementalist began the quest for the Orb.
     0 | D:1      | Reached XP level 1. HP: 16/16 MP: 3/3
   104 | D:1      | Reached skill level 1 in Conjurations
   250 | D:1      | Reached XP level 2. HP: 26/26 MP: 5/5
   886 | D:2      | Reached skill level 1 in Fighting
  1260 | D:2      | Reached XP level 3. HP: 26/33 MP: 7/7
  1551 | D:2      | Reached skill level 3 in Fire Magic
  1609 | D:2      | Found a snail-covered altar of Cheibriados.
  1622 | D:2      | Slain by an adder

Skill      XL: |  1  2  3 |
---------------+----------+-----
Conjurations   | 1 |  1.4
Dodging        | 2 |  2.2
Fighting       | 1 |  1.5
Fire Magic     | 3 |  3.0
Stealth        | |  1.4
Spellcasting   | |  2.9

Action                   || total
-------------------------++-------
Melee: Hand axe          ||   100
 Cast: Flame Tongue      ||    11
 Stab: Sleeping          ||     3
  Eat: Chunk             ||     2
Armor: Robe              ||    45
Dodge: Dodged            ||    95
